 Dungeon Crawl Stone Soup version 0.31-a0-178-g22bf211ae9 (webtiles) character file.

Game seed: 11582887179520731221

536011 qw the Impregnable (level 27, -2/184 HPs) *WIZ*
             Began as a Gargoyle Fighter on June 17, 2023.
             Was the Champion of Okawaru.
             Slain by a rockslime (13 damage)
             ... on level 5 of the Pits of Slime.
             The game lasted 00:10:10 (1557 turns).

qw the Impregnable (Gargoyle Fighter)               Turns: 1557, Time: 00:10:10

Health: -2/184     AC: 54    Str: 19    XL:     27
Magic:  20/24      EV:  9    Int:  8    God:    Okawaru 188 (0)
Gold:   0          SH: 15    Dex:  9    Spells: 26/26 levels left

rFire   + . .        e - +9 broad axe (vamp)
rCold   + . .        b - +0 tower shield
rNeg    + . .        f - +9 scales of the Dragon King {rPois rF+ rC+ Will+}
rPois   inf          k - +2 helmet
rElec   +            l - +2 cloak
rCorr   +            j - +3 pair of gauntlets of War {Slay+5}
SInv    .            m - +2 pair of boots
Will    +++..        p - amulet of faith Stlth
                     c - ring of resist corrosion
HPRegen 0.50/turn    o - +5 ring of slaying {mikee}
MPRegen 0.19/turn

%: random rage (9%), faith
@: about to teleport, heroic, engulfed, corroded, on berserk cooldown, flying,
slowed, very slow
A: sickness immunity, AC +20, big wings, negative energy resistance 1,
electricity resistance, torment resistance 1, petrification resistance, berserk
2, low MP 1, subdued magic 1
a: Renounce Religion, Build terrain, Set terrain to build, Clear terrain to
floor, Heroism, Finesse, Duel


You were on level 5 of the Pits of Slime.
You worshipped Okawaru.
Okawaru was exalted by your worship.
You visited 2 branches of the dungeon, and saw 5 of its levels.


Innate Abilities, Weirdness & Mutations

You are immune to sickness and miasma.
Your stone body is resilient. (AC +20)
You are immune to poison.
Your large and strong wings let you fly.
You resist negative energy. (rN+)
You are resistant to electric shocks. (rElec)
You are resistant to unholy torment.
You are immune to petrification.
You have an uncontrollable temper.
Your magical capacity is low. (-10% MP)
Your spells are a little easier to cast, but a little less powerful.


   Skills:
 - Level 22.0(27) Fighting
 - Level 18.0(23.0) Axes
 - Level 15.0(20.0) Throwing
 - Level 22.0(27) Armour
 - Level 22.0(27) Dodging
 + Level 6.4(11.4) Shields
 + Level 5.3 Invocations


You had 26 spell levels left.
You didn't know any spells.
Your spell library was empty.

Inventory:

Hand Weapons
 e - a +9 vampiric broad axe (weapon)
Missiles
 n - 20 javelins (quivered)
Armour
 b - a +0 tower shield (worn)
 f - the +9 scales of the Dragon King (worn) {rPois rF+ rC+ Will+} (Your wizardly powers created it on level 4 of the Pits of Slime) rF: It protects you from fire. rC: It protects you from cold. rPois: It protects you from poison. Will: It increases your willpower.
 j - the +3 pair of gauntlets of War (worn) {Slay+5} (Your wizardly powers created it on level 4 of the Pits of Slime) Slay: It affects your accuracy & damage with ranged weapons and melee (+5).
 k - a +2 helmet (worn)
 l - a +2 cloak (worn)
 m - a +2 pair of boots (worn)
Jewellery
 c - a ring of resist corrosion (left hand)
 o - a +5 ring of slaying (right hand) {mikee}
 p - an amulet of faith (around neck)
Scrolls
 h - 10 scrolls of teleportation
Potions
 a - 12 potions of haste
 d - 13 potions of might
 g - 11 potions of heal wounds
 i - 11 potions of cancellation

Dungeon Overview and Level Annotations

Branches:
Dungeon (1/15)

Altars:
Jiyva


Message History

You block the great orb of eyes's attack.
The great orb of eyes gazes at you. You resist with almost no effort.
The azure jelly hits you but does no damage. x2
The azure jelly completely misses you.
The azure jelly hits you but does no damage.
The rockslime hits you!
You hold your ground!
1556 ||| INVOKING Heroism.
You gain the combat prowess of a mighty hero.
The quicksilver ooze closely misses you.
You block the quicksilver ooze's attack.
The azure jelly hits you but does no damage. x3
You block the azure jelly's attack. The rockslime hits you!!
You hold your ground!
The quicksilver ooze hits you.
The quicksilver ooze hits you but does no damage.
You block the azure jelly's attack.
The azure jelly hits you but does no damage. x3
The rockslime hits you but does no damage.
The azure jelly hits you but does no damage.
The azure jelly closely misses you.
The azure jelly hits you but does no damage. x2
The great orb of eyes bites you but does no damage.
You block the great orb of eyes's attack.
The rockslime hits you!!
You hold your ground!
The quicksilver ooze hits you.
The quicksilver ooze hits you but does no damage.
A large slime creature splits.
The azure jelly hits you but does no damage. x4
1557 ||| READING 11 scrolls of teleportation.
As you read the scroll of teleportation, it crumbles to dust.
You feel strangely unstable.
The rockslime hits you but does no damage.
The quicksilver ooze hits you!
The quicksilver ooze hits you but does no damage.
The azure jelly hits you. The azure jelly freezes you! You resist.
The azure jelly hits you but does no damage.
You block the azure jelly's attack.
The azure jelly hits you but does no damage.
The great orb of eyes bites you but does no damage.
The rockslime hits you!
You die...

...........#######.#.#..##
.............#.#.#####.##
...................# ##
...................# #
.....#.#..#.#####.## .#
....#.....###.#.### ..#
........###.....#.##....
....##...#.....JG......#
....#....#....JJ@G......
....##..#.....JJJJ......
....#...##....JJJ.......
....##..................
....#..............#.(..
....##.............#...#
.....#..###.......## .##
....#.....###.......# #
...(.#.#..#.####.....


You could see 3 azure jellies, 2 great orbs of eyes, 3 slime creatures, 2
rockslimes and 2 quicksilver oozes.

Vanquished Creatures
  the Royal Jelly (Slime:5)
  16 acid blobs
  6 rockslimes
  9 azure jellies (Slime:5)
  11 quicksilver oozes
  2 great orbs of eyes
  3 shining eyes (Slime:5)
  2 eyes of devastation
  10 slime creatures
60 creatures vanquished.

Notes
Turn   | Place    | Note
-------+----------+-------------------------------------------
     0 | D:1      | qw the Gargoyle Fighter began the quest for the Orb.
     0 | D:1      | Reached XP level 1. HP: 14/14 MP: 1/1
     0 | D:1      | 0 ||| qw: Version: 0.3-a-5-g6f28e65
     0 | D:1      | 0 ||| qw: Game counter: 20
     0 | D:1      | 0 ||| qw: Always use a shield: true
     0 | D:1      | 0 ||| qw: God list: Okawaru
     0 | D:1      | 0 ||| qw: Allow faded altars: false
     0 | D:1      | 0 ||| qw: Do Orc after D:15 true
     0 | D:1      | 0 ||| qw: Do second Lair branch before Depths: true
     0 | D:1      | 0 ||| qw: Lair rune preference: random
     0 | D:1      | 0 ||| qw: Plans: Normal, Zot:1-4, Slime:5, God:TSO, Crypt,
                  | Tomb, Abyss, Pan, Hells, Win
     0 | D:1      | 0 ||| PLANNING D:1-11
     0 | D:1      | Entered wizard mode.
     0 | Slime:4  | Noticed a shining eye
     2 | Slime:4  | Found the +9 scales of the Dragon King {rPois rF+ rC+
                  | Will+}
     6 | Slime:4  | Found the +3 pair of gauntlets of War {Slay+5}
    10 | Slime:4  | 10 ||| STAIRDANCE
    11 | Slime:3  | Noticed a slime creature
    11 | Slime:3  | Noticed a slime creature
    16 | Slime:3  | Noticed a slime creature
    18 | Slime:3  | HP: 1/14 [slime creature (13)]
    19 | Slime:3  | 19 ||| READING 12 scrolls of teleportation.
    20 | Slime:3  | 20 ||| DRINKING 12 potions of heal wounds.
    54 | Slime:4  | Reached XP level 2. HP: 19/19 MP: 2/2
    54 | Slime:4  | Reached XP level 3. HP: 23/23 MP: 3/3
    54 | Slime:4  | Reached XP level 4. HP: 28/28 MP: 4/4
    54 | Slime:4  | Reached XP level 5. HP: 32/32 MP: 5/5
    54 | Slime:4  | Reached XP level 6. HP: 37/37 MP: 6/6
    54 | Slime:4  | Reached XP level 7. HP: 41/41 MP: 7/7
    54 | Slime:4  | Reached XP level 8. HP: 46/46 MP: 8/8
    54 | Slime:4  | Reached XP level 9. HP: 51/51 MP: 9/9
    54 | Slime:4  | Reached XP level 10. HP: 56/56 MP: 10/10
    54 | Slime:4  | Reached XP level 11. HP: 60/60 MP: 11/11
    54 | Slime:4  | Reached XP level 12. HP: 64/64 MP: 12/12
    54 | Slime:4  | Reached XP level 13. HP: 68/68 MP: 13/13
    54 | Slime:4  | Gained mutation: Your large and strong wings let you fly.
                  | [Gargoyle growth]
    54 | Slime:4  | Reached XP level 14. HP: 74/74 MP: 14/14
    54 | Slime:4  | Reached XP level 15. HP: 78/78 MP: 15/15
    54 | Slime:4  | Reached XP level 16. HP: 83/83 MP: 16/16
    54 | Slime:4  | Reached XP level 17. HP: 87/87 MP: 17/17
    54 | Slime:4  | Reached XP level 18. HP: 92/92 MP: 18/18
    54 | Slime:4  | Reached XP level 19. HP: 96/96 MP: 19/19
    54 | Slime:4  | Reached XP level 20. HP: 101/101 MP: 20/20
    54 | Slime:4  | Reached XP level 21. HP: 105/105 MP: 21/21
    54 | Slime:4  | Reached XP level 22. HP: 111/111 MP: 22/22
    54 | Slime:4  | Reached XP level 23. HP: 115/115 MP: 23/23
    54 | Slime:4  | Reached XP level 24. HP: 120/120 MP: 23/23
    54 | Slime:4  | Reached XP level 25. HP: 124/124 MP: 23/23
    54 | Slime:4  | Reached XP level 26. HP: 128/128 MP: 23/23
    54 | Slime:4  | Reached XP level 27. HP: 133/133 MP: 23/23
    55 | Slime:4  | 55 ||| UPGRADING to +9 scales of the Dragon King {rPois rF+
                  | rC+ Will+}.
    65 | Slime:4  | 65 ||| DROPPING +0 scale mail.
    66 | Slime:4  | 66 ||| UPGRADING to +3 pair of gauntlets of War {Slay+5}.
    71 | Slime:4  | 71 ||| UPGRADING to +2 helmet.
    76 | Slime:4  | 76 ||| UPGRADING to +2 cloak.
    81 | Slime:4  | 81 ||| UPGRADING to +2 pair of boots.
   119 | Slime:2  | 119 ||| DRINKING 12 potions of cancellation.
   271 | Slime:1  | Entered Level 1 of the Pits of Slime
   836 | Slime:4  | Upgraded the game from 0.31-a0-119-gbea1479570 to
                  | 0.31-a0-178-g22bf211ae9
   836 | Slime:4  | 836 ||| PLANNING D:1-11
   840 | Slime:4  | Became a worshipper of Warmaster Okawaru
   840 | Slime:4  | Reached * piety under Okawaru
   840 | Slime:4  | Reached ** piety under Okawaru
   840 | Slime:4  | Reached *** piety under Okawaru
   840 | Slime:4  | Reached **** piety under Okawaru
   840 | Slime:4  | Reached ***** piety under Okawaru
   840 | Slime:4  | Received a gift from Okawaru
   840 | Slime:4  | Received a gift from Okawaru
   840 | Slime:4  | Received a gift from Okawaru
   840 | Slime:4  | Received a gift from Okawaru
   840 | Slime:4  | Reached ****** piety under Okawaru
   840 | Slime:4  | Received a gift from Okawaru
   840 | Slime:4  | Received a gift from Okawaru
   840 | Slime:4  | Received a gift from Okawaru
   840 | Slime:4  | Received a gift from Okawaru
   840 | Slime:4  | Identified the +1 helmet of Midnight {Regen+} (Okawaru
                  | gifted it to you on level 4 of the Pits of Slime)
   840 | Slime:4  | Received a gift from Okawaru
   840 | Slime:4  | Received a gift from Okawaru
   846 | Slime:4  | 846 ||| PLANNING D:1-11
   851 | Slime:5  | Entered Level 5 of the Pits of Slime
   852 | Slime:5  | Entered Level 5 of the Pits of Slime
   852 | Slime:5  | Entered Level 5 of the Pits of Slime
   852 | Slime:5  | Entered Level 5 of the Pits of Slime
   852 | Slime:5  | Found the +7 great mace "Undeadhunter" {deathbane, rN+}
   852 | Slime:5  | Found the +10 morningstar "Eos" {elec, Halo rElec}
   852 | Slime:5  | Entered Level 5 of the Pits of Slime
   852 | Slime:5  | Entered Level 5 of the Pits of Slime
   852 | Slime:5  | Entered Level 5 of the Pits of Slime
   852 | Slime:5  | Entered Level 5 of the Pits of Slime
   852 | Slime:5  | Found a viscous altar of Jiyva.
   852 | Slime:5  | Found the +3 hat of Pondering {ponderous, Will+ MP+10
                  | Int+5}
   852 | Slime:5  | Entered Level 5 of the Pits of Slime
   852 | Slime:5  | Found a viscous altar of Jiyva.
   852 | Slime:5  | Entered Level 5 of the Pits of Slime
   852 | Slime:5  | Found a viscous altar of Jiyva.
   852 | Slime:5  | Entered Level 5 of the Pits of Slime
   852 | Slime:5  | Found a viscous altar of Jiyva.
   852 | Slime:5  | Entered Level 5 of the Pits of Slime
   852 | Slime:5  | Found a viscous altar of Jiyva.
   852 | Slime:5  | Entered Level 5 of the Pits of Slime
   852 | Slime:5  | Entered Level 5 of the Pits of Slime
   852 | Slime:5  | 852 ||| PLANNING SLIME:5
   854 | Slime:5  | Gained mutation: Your magical capacity is low. (-10% MP) [a
                  | shining eye]
   858 | Slime:5  | Gained mutation: You sometimes lose your temper in combat.
                  | [a shining eye]
   870 | Slime:5  | Reached skill level 1 in Invocations
   914 | Slime:5  | 914 ||| Stepping ~*~*~tactically~*~*~ (wall).
  1092 | Slime:5  | Gained mutation: You have an uncontrollable temper. [a
                  | shining eye]
  1109 | Slime:5  | Reached skill level 3 in Invocations
  1221 | Slime:5  | 1221 ||| Stepping ~*~*~tactically~*~*~ (hiding).
  1259 | Slime:5  | 1259 ||| Stepping ~*~*~tactically~*~*~ (stealth).
  1391 | Slime:5  | 1391 ||| Stepping ~*~*~tactically~*~*~ (wall).
  1396 | Slime:5  | Gained mutation: Your spells are a little easier to cast,
                  | but a little less powerful. [a shining eye]
  1506 | Slime:5  | Noticed the Royal Jelly
  1507 | Slime:5  | 1507 ||| INVOKING Heroism.
  1508 | Slime:5  | 1508 ||| INVOKING Finesse.
  1553 | Slime:5  | Killed the Royal Jelly
  1553 | Slime:5  | Identified the +3 quarterstaff "Mimmolaz" {flame, *Noise
                  | Dex+6 Stlth+} (Okawaru gifted it to you on level 5 of the
                  | Pits of Slime)
  1553 | Slime:5  | Received a gift from Okawaru
  1554 | Slime:5  | Reached skill level 6 in Shields
  1556 | Slime:5  | 1556 ||| INVOKING Heroism.
  1556 | Slime:5  | HP: 33/184 [rockslime (18)]
  1557 | Slime:5  | 1557 ||| READING 11 scrolls of teleportation.
  1557 | Slime:5  | HP: 11/184 [azure jelly[the Royal Jelly] (7)]
  1557 | Slime:5  | Slain by a rockslime

Levels and vault maps discovered: [+gen,+vis] D:1: lightli_arrival_isolated_outpost, layout_loops_corners, minmay_pentomino_r2 [+gen,-vis] D:2: minmay_diamond_boxcup, layout_basic, basic_altar, kennysheep_generic_room_11 [+gen,-vis] D:3: kennysheep_slugbush, layout_loops_corners, mainiacjoe_overflow_alcove_1, mainiacjoe_overflow_alcove_4, mainiacjoe_overflow_surrounded_room, ebering_ghost_sewer_d, shapermc_ecumenical_altar_rom_forum, minmay_misc_feat_tiny, kennysheep_generic_room_12, uniq_robin [+gen,-vis] D:4: layout_basic, grunt_ministairs_11 [+gen,-vis] D:5: layout_loops_ring, trog_butcher_becter, st_stairs_6, nrook_uturn, minmay_misc_feat_four_crosses [+gen,-vis] D:6: layout_cave_pools, lemuel_doored_altar, nicolae_hepliaklqana_ecumenical_no_more, gammafunk_temple_overflow_claw [+gen,-vis] D:7: nzn_winding_woodlands_medium [nzn_winding_woodlands_5x5_perimeter, nzn_winding_woodlands_5x15_sawtooth, nzn_winding_woodlands_5x5_checkerboard, nzn_winding_woodlands_5x5_closed_star, nzn_winding_woodlands_center_lodge, nzn_winding_woodlands_5x5_three, nzn_winding_woodlands_5x5_cross, nzn_winding_woodlands_5x15_pockets, nzn_winding_woodlands_5x5_open_star], layout_basic, minmay_temple_entry_butterflies, enter_bailey_7, enter_ossuary_2, roderic_serpentine_path [+gen,-vis] D:8: layout_rooms, uniq_maggie [+gen,-vis] D:9: layout_loops_ring, grunt_temple_overflow_opulence, lair_entry_dummy, orc_0_dummy [+gen,-vis] D:10: layout_gridville, mainiacjoe_overflow_alcove_2, mainiacjoe_overflow_concentric_impassable, kennysheep_mini_moat, jmf_multi_god_temple, grunt_ministairs_10, minmay_statue_bubble [+gen,-vis] D:11: layout_gridville, nicolae_looking_at_the_future, uniq_fannar [+gen,-vis] D:12: layout_roguey, nicolae_wu_jian_wuxing_cycle [+gen,-vis] D:13: layout_cave_pools, grunt_vaults_entry_fortified, nicolae_shop_fire_sale [nicolae_sub_dead_trees], hangedman_stone_soup, lemuel_freeze_loot_1, uniq_snorg, uniq_sonja [+gen,-vis] D:14: layout_basic, gauntlet_entry_generic, uniq_agnes [+gen,-vis] D:15: grunt_enter_depths_magical_seal, layout_irregular_city, serial_shops, shop, minivault_14 [+gen,-vis] Temple: hellmonk_temple_flake [+gen,-vis] Lair:1: layout_hall_layers, columned_hall_lemuel, chequers_serial_rivers_micro_a, infiniplex_staircase_pool_2 [+gen,-vis] Lair:2: gammafunk_worm_tunnel, layout_concentric_octagons, spider_nest_entry_funnel_web, nicolae_lair_lil_pond [+gen,-vis] Lair:3: layout_roguey, skrybe_swamp_entry_bodies, basic_altar [+gen,-vis] Lair:4: pond_and_an_island_with_a_cottage, layout_gridlike, minmay_slime_entry_eyes, portal_ice_cave_rime, serial_bayou_shore_b [+gen,-vis] Lair:5: minmay_lair_end_enchanted_forest, layout_loops_ring, basic_altar, st_stairs_8, nicolae_lair_lakeside_cave [+gen,-vis] Swamp:1: layout_basic_swamp, evilmike_swamp_ruin_rubble_2, infiniplex_staircase_pool [+gen,-vis] Swamp:2: layout_basic_swamp, evilmike_swamp_ruin_house_4, nicolae_swamp_small_spring [+gen,-vis] Swamp:3: layout_basic_swamp, nicolae_swamp_bean_lake, swamp_pool1 [+gen,-vis] Swamp:4: nzn_swamp_witches_coven, layout_basic_swamp, uniq_louise [+gen,-vis] Shoals:1 [+gen,-vis] Shoals:2 [+gen,-vis] Shoals:3 [+gen,-vis] Shoals:4 [+gen,-vis] Snake:1 [+gen,-vis] Snake:2 [+gen,-vis] Snake:3 [+gen,-vis] Snake:4 [+gen,-vis] Spider:1: layout_spider_delve, nicolae_spider_undead_wolf_pack, hangedman_spider_tarantella_strand [+gen,-vis] Spider:2: layout_spider_delve [+gen,-vis] Spider:3: layout_chambers, nicolae_spider_jagged_tunnels [+gen,-vis] Spider:4: hellmonk_spider_rune_endless_swarm, nicolae_spider_circle_web [+gen,+vis] Slime:1: layout_caves [+gen,+vis] Slime:2: layout_caves [+gen,+vis] Slime:3: layout_caves [+gen,+vis] Slime:4: layout_caves, nicolae_slime_phagocytosis [+gen,+vis] Slime:5: slime_pit_nicolae_inversion, slime_pit_nicolae_royal_road_to_ruin, slime_pit_nicolae_amoeboid, slime_pit_nicolae_jellycorners, slime_pit_nicolae_trefoil, slime_pit_nicolae_block_by_block, slime_pit, slime_pit_nicolae_inversion, slime_pit_nicolae_amoeboid, slime_pit_nicolae_royal_road_to_ruin, slime_pit_nicolae_amoeboid, slime_pit, slime_pit, slime_pit_nicolae_royal_road_to_ruin [+gen,-vis] Orc:1: layout_caves [+gen,-vis] Orc:2: st_orc_pillars, layout_diamond_mine [+gen,-vis] Elf:1: nicolae_elf_arrival_no_cutting_in_line, layout_gridlike, serial_corexii_hall, corexii_hall_statues_x, chequers_hall_statues_wall_a, minivault_28, lemuel_flamethrower_hall, minmay_shop_star [+gen,-vis] Elf:2: elven_hall_of_blades_hangedman_original [nicolae_blade_entry_pointy_end], layout_gridlike, serial_shops, shop [+gen,-vis] Elf:3: minmay_elf_hall_furrowed, layout_geoelf_castle, grunt_megastairs_1 [+gen,-vis] Vaults:1: v_rooms_6, ontoclasm_vaults_claustrophobia, grunt_vaults_hallway_short, ontoclasm_vaults_ring_small, v_misc_19, ontoclasm_vaults_ring_large, vaults_room_stairs_pillars, v_misc_10, nicolae_vaults_closet_pinwheel_6, nicolae_vaults_double_plus_2, nicolae_vaults_network_barrier, nicolae_vaults_tetromino_T_1, nicolae_vaults_mini_display_case, nicolae_vaults_tetromino_Z_1, hangedman_vaults_unwind, vaults_room_grid, layout_vaults_maze_snakey, serial_shops, bzr_entry_safe, uniq_zenata, uniq_nikola [+gen,-vis] Vaults:2: gammafunk_ghost_spectres, v_rooms_5, ontoclasm_vaults_eye, nicolae_vaults_shrinking_rooms_1, dpeg_vaults_pockets_of_resistance, nicolae_vaults_network_square, nicolae_vaults_trapezoid_2, nicolae_vaults_border_crossing, layout_vaults_chaotic_city [+gen,-vis] Vaults:3: minmay_crypt_entry_simple_sparse, hangedman_vaults_nodes, serial_ice_b, hangedman_vaults_snaps, nicolae_vaults_triangles, nicolae_vaults_trapezoid_layered, nicolae_vaults_frosty_reception, nicolae_vaults_big_angled_halls, v_misc_1, v_misc_19, hangedman_vaults_impose, ontoclasm_vaults_fault, layout_vaults_omnibox, serial_shops, bzr_in_the_mist, uniq_jory [+gen,-vis] Vaults:4: vaults_mumra_minichess, st_more_cells, nicolae_vaults_little_squares_4, v_alt_pattern_4, nicolae_vaults_turnstiles, v_misc_13, nicolae_vaults_closet_pinwheel_4, nicolae_vaults_little_squares_6, nicolae_vaults_yaktaur_gun_rack, layout_vaults_quadrants, uniq_margery [+gen,-vis] Vaults:5: serial_shops [+gen,-vis] Crypt:1: layout_chaotic_city [+gen,-vis] Crypt:2: layout_rooms, nicolae_crypt_cryptocurrency, serial_sigils_hangedman_gnaw, tombwall_bobbens [+gen,-vis] Crypt:3: quadcrypt_mu [+gen,-vis] Tomb:1 [+gen,-vis] Tomb:2 [+gen,-vis] Tomb:3 [+gen,-vis] Depths:1: layout_basic, nicolae_vehumet_altar_sigil, serial_shops, kennysheep_mini, pf_hell_entry_tar_river, grunt_potential [+gen,-vis] Depths:2: ragdoll_tomb_raider, layout_gridville, grunt_metal_band, rand_demon_pan_entry_4, hangedman_decor_slide_cut, minmay_staircase_bubble, uniq_josephina [+gen,-vis] Depths:3: evilmike_lava_path, layout_gridlike, pf_vacation_house_of_asmodeus, chequers_serial_rivers_marsh, minmay_room_of_horrors, minmay_staircase_statues_hall_small, minmay_shoptagon [+gen,-vis] Depths:4: evilmike_zot_entry_diamond, layout_gridville, enter_ziggurat_d, abyss_entry, hell_entry, nzn_life_drinkers [+gen,-vis] Hell [+gen,-vis] Dis:1 [+gen,-vis] Dis:2 [+gen,-vis] Dis:3 [+gen,-vis] Dis:4 [+gen,-vis] Dis:5 [+gen,-vis] Dis:6 [+gen,-vis] Dis:7 [+gen,-vis] Geh:1 [+gen,-vis] Geh:2 [+gen,-vis] Geh:3 [+gen,-vis] Geh:4 [+gen,-vis] Geh:5 [+gen,-vis] Geh:6 [+gen,-vis] Geh:7 [+gen,-vis] Coc:1 [+gen,-vis] Coc:2 [+gen,-vis] Coc:3 [+gen,-vis] Coc:4 [+gen,-vis] Coc:5 [+gen,-vis] Coc:6 [+gen,-vis] Coc:7 [+gen,-vis] Tar:1 [+gen,-vis] Tar:2 [+gen,-vis] Tar:3 [+gen,-vis] Tar:4 [+gen,-vis] Tar:5 [+gen,-vis] Tar:6 [+gen,-vis] Tar:7 [+gen,-vis] Zot:1: layout_onion_interference [+gen,-vis] Zot:2: lemuel_draconian_sentries_small, layout_cellular_growth, gammafunk_ghost_grave, hangedman_zot_decor_scrapings [+gen,-vis] Zot:3: layout_misc_corridors, zot_minivault_1, grunt_megastairs_4 [+gen,-vis] Zot:4: grunt_twist_and_shout, layout_onion_interference [+gen,-vis] Zot:5: layout_misc_corridors [+gen,-vis] Abyss:1 [+gen,-vis] Abyss:2 [+gen,-vis] Abyss:3 [+gen,-vis] Abyss:4 [+gen,-vis] Abyss:5 [+gen,-vis] Abyss:6 [+gen,-vis] Abyss:7 [+gen,-vis] Pan [+gen,-vis] Zig:1 [+gen,-vis] Zig:2 [+gen,-vis] Zig:3 [+gen,-vis] Zig:4 [+gen,-vis] Zig:5 [+gen,-vis] Zig:6 [+gen,-vis] Zig:7 [+gen,-vis] Zig:8 [+gen,-vis] Zig:9 [+gen,-vis] Zig:10 [+gen,-vis] Zig:11 [+gen,-vis] Zig:12 [+gen,-vis] Zig:13 [+gen,-vis] Zig:14 [+gen,-vis] Zig:15 [+gen,-vis] Zig:16 [+gen,-vis] Zig:17 [+gen,-vis] Zig:18 [+gen,-vis] Zig:19 [+gen,-vis] Zig:20 [+gen,-vis] Zig:21 [+gen,-vis] Zig:22 [+gen,-vis] Zig:23 [+gen,-vis] Zig:24 [+gen,-vis] Zig:25 [+gen,-vis] Zig:26 [+gen,-vis] Zig:27 [+gen,-vis] Bazaar [+gen,-vis] Trove [+gen,-vis] Sewer [+gen,-vis] Ossuary: ossuary_tomb_2 [+gen,-vis] Bailey: bailey_polearm_5, bailey [+gen,-vis] IceCv: ice_cave_statue_garden_transporter [+gen,-vis] Volcano [+gen,-vis] WizLab [+gen,-vis] Desolation [+gen,-vis] Gauntlet: minmay_gauntlet_77_indecision [minmay_gauntlet_arena_77_run_for_it, minmay_gauntlet_arena_77_fan, minmay_gauntlet_arena_77_two_paths, minmay_gauntlet_arena_77_cramped, minmay_gauntlet_arena_77_two_lines, minmay_gauntlet_arena_77_path, gauntlet_exit_hidden_loot] [+gen,-vis] Arena

Skill      XL: |  1  2  3  4  5  6  7  8  9 10 11 12 13 14 15 16 17 18 19 20 21 22 23 24 25 26 27 |
---------------+----------------------------------------------------------------------------------+-----
Fighting       | 4 | 22.0
Invocations    | 5 |  5.3
Shields        | 6 |  6.4
Axes           | | 18.0
Throwing       | | 15.0
Armour         | | 22.0
Dodging        | | 22.0

Action                     |  1- 3 |  4- 6 |  7- 9 | 10-12 | 13-15 | 16-18 | 19-21 | 22-24 | 25-27 || total
---------------------------+-------+-------+-------+-------+-------+-------+-------+-------+-------++-------
  Melee: Broad axe         |     4 |       |       |       |       |       |       |       |   189 ||   193
  Throw: Javelin           |       |       |       |       |       |       |       |       |    31 ||    31
 Invoke: Heroism           |       |       |       |       |       |       |       |       |     2 ||     2
         Finesse           |       |       |       |       |       |       |       |       |     1 ||     1
    Use: Scroll            |     1 |       |       |       |       |       |       |       |     1 ||     2
         Potion            |     1 |       |       |       |       |       |       |       |     1 ||     2
 Armour: Scale mail        |     4 |       |       |       |       |       |       |       |       ||     4
         Gold dragon scale |       |       |       |       |       |       |       |       |   297 ||   297
  Dodge: Dodged            |     2 |       |       |       |       |       |       |       |    90 ||    92
  Block: Buckler           |     3 |       |       |       |       |       |       |       |     3 ||     6
         Tower shield      |       |       |       |       |       |       |       |       |   121 ||   121

Table legend:
 A = Non-vault XP
 B = Vault XP
 C = Vault XP percentage of total XP
 D = Non-vault monster count
 E = Vault monster count
 F = Vault count percentage of total count
                 A         B        C        D         E       F
            +---------+---------+-------+---------+---------+-------
      Total |   18822 |   26482 |  58.5 |      23 |      17 |  42.5
            +---------+---------+-------+---------+---------+-------
    Slime:2 |    6608 |       0 |   0.0 |       6 |       0 |   0.0
    Slime:3 |     983 |       0 |   0.0 |       4 |       0 |   0.0
    Slime:5 |   11231 |   26482 |  70.2 |      13 |      17 |  56.7
            +---------+---------+-------+---------+---------+-------
